[Event "44th Chess Olympiad Open 2022"]
[Site "Chennai"]
[Date "2022.08.08"]
[Round "10.8"]
[White "Nabaty, Tamir"]
[Black "Bluebaum, Matthias"]
[Result "0-1"]
[WhiteElo "2631"]
[BlackElo "2673"]
[Annotator "RC"]
[PlyCount "98"]
[EventDate "2022.??.??"]
[TimeControl "60"]

1. d4 Nf6 2. Nf3 d5 3. c4 e6 4. e3 b6 5. a3 Bd6 6. b4 c5 7. cxd5 exd5 8. bxc5 bxc5 9. dxc5 Bxc5 10. Bb5+ Bd7 11. Bxd7+ Nbxd7 12. O-O O-O 13. Nbd2 Rb8 14. Ra2 Qb6 15. Bb2 Rfc8 16. Ba1 Qa6 17. Nd4 Bf8 18. Ne2 Bd6 19. Nf3 Qc4 20. Nc3 Ne5 21. Nd4 Bc5 22. Rd2 Bxa3 23. Nf5 Ng6 24. Nxg7 Kxg7 25. Nxd5 Be7 26. Nxe7 Nxe7 27. Rd6 Neg8 28. Qf3 Qh4 29. Rd4 Qh6 30. Qg3+ Kf8 31. Qd6+ Kg7 32. Rg4+ Kh8 33. Rd1 Rb6 34. Qd7 Qf8 35. h4 Rcc6 36. Qf5 Nh6 37. Qg5 Nhxg4 38. Qxg4 Rd6 39. Bd4 Rbc6 40. Qf4 Kg8 41. Rb1 h6 42. Be5 Re6 43. Bd4 a5 44. h5 Nxh5 45. Qf5 Ng7 46. Qxa5 Qc8 47. f4 Rg6 48. f5 Nxf5 49. Qe5 Nxd4 0-1

[Event "44th Chess Olympiad Open 2022"]
[Site "Chennai"]
[Date "2022.08.08"]
[Round "10.8"]
[White "Postny, Evgeny"]
[Black "Kollars, Dmitrij"]
[Result "1/2-1/2"]
[WhiteElo "2564"]
[BlackElo "2648"]
[Annotator "RC"]
[PlyCount "77"]
[EventDate "2022.??.??"]
[TimeControl "60"]

1. d4 Nf6 2. Bg5 d5 3. e3 c5 4. Bxf6 gxf6 5. dxc5 e6 6. c4 dxc4 7. Nd2 c3 8. bxc3 Nd7 9. c6 bxc6 10. Ngf3 f5 11. Be2 Bg7 12. Qc2 O-O 13. O-O c5 14. e4 Qf6 15. exf5 exf5 16. Rab1 Re8 17. Bd3 Nf8 18. Nc4 Be6 19. Nd6 Red8 20. Nb7 Rdc8 21. Nd6 Rd8 22. Nb7 c4 23. Be2 Rdc8 24. Nd4 Bd7 25. Bf3 Rab8 26. Na5 Rb6 27. Qe2 Ne6 28. Nxc4 Nxd4 29. cxd4 Rxb1 30. Rxb1 Qxd4 31. Rd1 Qxc4 32. Qxc4 Rxc4 33. Rxd7 Bd4 34. g3 Bb6 35. Bd5 Rc7 36. Bxf7+ Kg7 37. Be6+ Kf6 38. Rxc7 Bxc7 39. Bb3 1/2-1/2

[Event "44th Chess Olympiad Open 2022"]
[Site "Chennai"]
[Date "2022.08.08"]
[Round "10.9"]
[White "Adams, Michael"]
[Black "Vocaturo, Daniele"]
[Result "1/2-1/2"]
[WhiteElo "2696"]
[BlackElo "2616"]
[Annotator "TA"]
[PlyCount "73"]
[EventDate "2022.??.??"]
[TimeControl "60"]

1. e4 c5 2. Nf3 d6 3. Bb5+ Bd7 4. Bxd7+ Qxd7 5. c4 Nf6 6. Nc3 Nc6 7. d4 cxd4 8. Nxd4 g6 9. h3 {[%emt 0:00:
00] B52: Sicilian: Moscow Variation with 3...Bd7.} Nxd4 10.
Qxd4 Bg7 11. O-O O-O 12. Qd3 Rac8 13.
Be3 Qc6 14. b3 {[%emt 0:01:05] [#]} Nd7 $146 ({Predecessor:} 14... a6 15. Rac1 Rfe8 16. Nd5 Nxd5 17. exd5
Qd7 18. a4 Bf6 19. Rfd1 Rb8 20. a5 Rbc8 {½-½ (81) Hasan,M (2355)-S,M (2126)
Dhaka 2015}) 15. f3 Nc5 16. Qd2 a6 17. Rac1 e6 18. Rfd1 Be5 19. Kh1 Rfd8 20. Bd4 Qc7 21. Qe3 Nd7 22. f4 Bxd4 23. Qxd4 Nb8 24. f5 Nc6 25. Qf6 Qe7 26. Qxe7 Nxe7 27. f6 Nc6 28. Rd2 Kf8 ({Better is} 28... Ne5) 29. Rcd1 $11 Ke8 30. Na4 b5 {[%emt 0:04:37] The position is
equal.} 31. Nb2 Ne5 32. Rxd6 (32. Kh2 {keeps more tension.} Nd7 33. Rxd6 Nxf6 34. e5) 32... Rxd6 33. Rxd6 bxc4 34. Nxc4 Nxc4 35. bxc4 Rxc4 36.
Rxa6 {[%emt 0:01:17] With the idea e5.} e5 37. Ra7 {[%emt 0:
06:00] Weighted Error Value: White=0.10 (very precise) /Black=0.09 (flawless)}
1/2-1/2

[Event "44th Chess Olympiad Open 2022"]
[Site "Chennai"]
[Date "2022.08.08"]
[Round "10.9"]
[White "Jones, Gawain C B"]
[Black "Sonis, Francesco"]
[Result "1-0"]
[WhiteElo "2652"]
[BlackElo "2543"]
[Annotator "RC"]
[PlyCount "99"]
[EventDate "2022.??.??"]
[TimeControl "60"]

1. Nf3 d5 2. g3 Nd7 3. Bg2 e5 4. d3 Ngf6 5. O-O Bc5 6. Nxe5 Nxe5 7. d4 Bd6 8. dxe5 Bxe5 9. c4 dxc4 10. Qc2 O-O 11. Na3 c6 12. Nxc4 Bc7 13. b3 Be6 14. Rd1 Bd5 15. Bb2 Re8 16. Rac1 b5 17. Ne3 Bb6 18. Nxd5 cxd5 19. e3 Qd6 20. Bxf6 Qxf6 21. Rxd5 g6 22. Rxb5 Rad8 23. Rd5 Kg7 24. b4 h5 25. a4 Rxd5 26. Bxd5 Re5 27. Rd1 a5 28. b5 Rf5 29. Be4 Rc5 30. Qd3 Re5 31. Bg2 h4 32. Qd6 Re6 33. Qf4 hxg3 34. Qxf6+ Kxf6 35. hxg3 Ke7 36. Bd5 Rd6 37. Kf1 g5 38. g4 f6 39. Ke2 Rd8 40. Kf3 Kd6 41. Be4+ Ke5 42. Rc1 Rd7 43. Rc6 Rd6 44. Rc4 Ke6 45. Bb7 Ke7 46. Bc8 Rd5 47. Rc6 Rd6 48. Ke4 Rxc6 49. bxc6 Bc7 50. Kf5 1-0

[Event "44th Chess Olympiad Open 2022"]
[Site "Chennai"]
[Date "2022.08.08"]
[Round "10.9"]
[White "Moroni, Luca Jr"]
[Black "McShane, Luke J"]
[Result "0-1"]
[WhiteElo "2584"]
[BlackElo "2649"]
[Annotator "RC"]
[PlyCount "98"]
[EventDate "2022.??.??"]
[TimeControl "60"]

1. d4 Nf6 2. c4 e6 3. Nc3 Bb4 4. e3 O-O 5. Bd2 d6 6. Bd3 e5 7. Nge2 Re8 8.
O-O c6 9. Qc2 Nbd7 10. a3 Ba5 11. b4 Bc7 12. d5 Nf8 13. Ng3 Bd7 14. Rac1 h5 15. Nge4 N8h7 16. Nxf6+ Nxf6 17. Ne4 cxd5 18. Nxf6+ Qxf6 19. cxd5 Bb6 20. a4 e4 21. Bxe4 Bxa4 22. Bh7+ Kh8 23. Qxa4 Kxh7 24. Bc3 Qf5 25. Qb5 Re7 26. Bb2 Rae8 27. Rfd1 Re4 28. h3 g5 29. Bd4 Bxd4 30. Rxd4 Rxd4 31. exd4 Re7 32. Qc4 a6 33. b5 axb5 34. Qxb5 Kg7 35. Qc4 h4 36. Ra1 Re4 37. f3 Re3 38. Kh1 Qf4 39. Rb1 g4 40. hxg4 h3 41. Qf1 Qg3 42. g5 b5 43. g6 fxg6 44. Ra1 b4 45.
gxh3 Rxf3 46. Qg2 Qxh3+ 47. Qxh3 Rxh3+ 48. Kg2 Ra3 49. Rc1 Ra7 0-1

[Event "44th Chess Olympiad Open 2022"]
[Site "Chennai"]
[Date "2022.08.08"]
[Round "10.9"]
[White "Brunello, Sabino"]
[Black "Haria, Ravi"]
[Result "1/2-1/2"]
[WhiteElo "2520"]
[BlackElo "2505"]
[Annotator "RC"]
[PlyCount "70"]
[EventDate "2022.??.??"]
[TimeControl "60"]

1. d4 d5 2. c4 e6 3. Nf3 Nf6 4. Nc3 Bb4 5. Qa4+ Nc6 6. e3 O-O 7. Bd2 Re8 8. a3 Bf8 9. Qc2 e5 10. dxe5 Nxe5 11. cxd5 Nxd5 12. Nxe5 Rxe5 13. e4 Nxc3 14. Bxc3 Re8 15. Bd3 Be6 16. O-O c6 17. f4 Bb3 18. Qe2 Qd7 19. Rf3 Rad8 20. Kh1 f6 21. Raf1 Qf7 22. Re1 Rd7 23.
Rh3 Red8 24. g4 g6 25. e5 Bd5+ 26. Be4 fxe5 27. fxe5 Bg7 28. Bxd5 Qxd5+ 29. Qe4 Qe6 30. Rf3 Rd1 31. Rxd1 Rxd1+ 32. Kg2 Rd5 33. h3 Rd8 34. Kg3 Re8 35. Re3 Rd8 1/2-1/2

[Event "44th Chess Olympiad Open 2022"]
[Site "Chennai"]
[Date "2022.08.08"]
[Round "10.10"]
[White "Moussard, Jules"]
[Black "Stremavicius, Titas"]
[Result "1-0"]
[WhiteElo "2672"]
[BlackElo "2532"]
[Annotator "RC"]
[PlyCount "77"]
[EventDate "2022.??.??"]
[TimeControl "60"]

1. e4 c5 2. Nf3 d6 3. d4 cxd4 4. Nxd4 Nf6 5. Nc3 Nc6 6. Bg5 e6 7. Qd2 a6 8. O-O-O Bd7 9. Kb1 Be7 10. Nxc6 Bxc6 11. f3 Qc7 12. h4 h6 13. Be3 h5 14. Bg5 b5 15. Ne2 Bd7 16. Nf4 Rb8 17. Rc1 e5 18.
Bxf6 Bxf6 19. Nd5 Qd8 20. g3 Be6 21. c4 O-O 22. cxb5 axb5 23. Rc6 Be7 24. Be2 f5 25. Rd1 f4 26. gxf4 exf4 27. Nxe7+ Qxe7 28. Qxd6 Qxd6 29. Rdxd6 Bf7 30. Rc7 Be8 31. Bd1 Rf6 32. Bb3+ Kf8 33. Rxf6+ gxf6 34. a3 Rd8 35. Kc2 Rd6 36. Kc3 Bd7 37. Rc5 Kg7 38. Rxh5 Rc6+ 39. Kd4 1-0

[Event "44th Chess Olympiad Open 2022"]
[Site "Chennai"]
[Date "2022.08.08"]
[Round "10.10"]
[White "Lagarde, Maxime"]
[Black "Pultinevicius, Paulius"]
[Result "0-1"]
[WhiteElo "2631"]
[BlackElo "2539"]
[Annotator "RC"]
[PlyCount "92"]
[EventDate "2022.??.??"]
[TimeControl "60"]

1. e4 c6 2. d4 d5 3. e5 Bf5 4. h4 h5 5. c4 e6 6. Nc3 Ne7 7. Bg5 Qb6 8. Rc1 dxc4 9. Bxc4 Qxb2 10. Nge2 Nd7 11. O-O Rd8 12. Ng3 Nxe5 13. Bb3 Bg6 14. f4 Ng4 15. Qe1 Bf5 16. d5 f6 17. Nxf5 exf5 18. Qe6 Qd2 19. dxc6 Qe3+ 20. Qxe3 Nxe3 21. cxb7 Nxf1 22. Nb5 Ng3 23.
Be6 Rb8 24. Nd6+ Kd8 25. Nf7+ Ke8 26. Nd6+ Kd8 27. Nf7+ Ke8 28. Rd1 Nc6 29. Nxh8 Rxb7 30. Kh2 Ne2 31. Bxf5 fxg5 32. fxg5 Ne5 33. Ng6 Ng4+ 34. Bxg4 hxg4 35. Rd2 Nc3 36. Rd4 Rb4 37. Rd3 Ne4 38. a3 Ra4 39. Nxf8 g3+ 40. Kg1 Kxf8 41. Kf1 Kf7 42. h5 Nxg5 43. Rxg3 Kf6 44. Rd3 Ne4 45. Ke2 Kg5 46. Rd5+ Kg4 0-1

[Event "44th Chess Olympiad Open 2022"]
[Site "Chennai"]
[Date "2022.08.08"]
[Round "10.10"]
[White "Kazakouski, Valery"]
[Black "Maurizzi, Marc`Andria"]
[Result "1-0"]
[WhiteElo "2528"]
[BlackElo "2506"]
[Annotator "RC"]
[PlyCount "89"]
[EventDate "2022.??.??"]
[TimeControl "60"]

1. d4 Nf6 2. c4 g6 3. Nc3 Bg7 4. e4 O-O 5. h3 d6 6. Be3 c5 7. d5 e6 8. Bd3 exd5 9. exd5 Re8 10. Nf3 Bh6 11. O-O Bxe3 12. fxe3 Nbd7 13. Qd2 Nh5 14. g4 Ng7 15. e4 Ne5 16. Qh6 f6 17. Nxe5 Rxe5 18. Rf2 Qe7 19. Raf1 Ne8 20. Nb1 Qg7 21. Qf4 h5 22. Rg2 Bd7 23. Nd2 g5 24. Qf2 h4 25. Nf3 Re7 26. e5 dxe5 27. Qxc5 b6 28. Qa3 e4 29. Re1 e3 30.
Nd4 Rc8 31. Rge2 f5 32. Nxf5 Bxf5 33. Bxf5 Rxc4 34. d6 Qe5 35. Rxe3 Qg3+ 36. Rxg3 Rxe1+ 37. Kf2 hxg3+ 38. Kxe1 Rc1+ 39. Kd2 g2 40. Qe3 g1=Q 41. Qxe8+ Kg7 42. Qe7+ Kg8 43. Be6+ Kh8 44. Qf8+ Kh7 45. Bf5# 1-0

[Event "44th Chess Olympiad Open 2022"]
[Site "Chennai"]
[Date "2022.08.08"]
[Round "10.10"]
[White "Juksta, Karolis"]
[Black "Fressinet, Laurent"]
[Result "0-1"]
[WhiteElo "2412"]
[BlackElo "2631"]
[Annotator "RC"]
[PlyCount "86"]
[EventDate "2022.??.??"]
[TimeControl "60"]

1. d4 Nf6 2. c4 e6 3. Nc3 Bb4 4. a3 Bxc3+ 5. bxc3 c5 6. f3 d5 7. cxd5 Nxd5 8. dxc5 Qa5 9. e4 Ne7 10. Be3 O-O 11. Qb3 Qc7 12. Nh3 Nec6 13.
Be2 Na5 14. Qb2 e5 15. Nf2 Be6 16. O-O Nd7 17. Qb4 Nb3 18. Rab1 Nbxc5 19. Nd3 b6 20. Nxc5 Nxc5 21. Bxc5 bxc5 22. Qb7 Qa5 23. Rfc1 c4 24. a4 h6 25. Kf1 Rad8 26. Qb4 Qc7 27. Qb7 Qc5 28. Qb5 Qe3 29. Rc2 Qf4 30.
Kg1 Rc8 31. Rd1 h5 32. Qb1 Rfd8 33. Rxd8+ Rxd8 34. Qe1 h4 35. Qf2 Rd2 36. Rxd2 Qxd2 37. Bf1 Qxc3 38. Qxa7 Qd2 39. Qb8+ Kh7 40. Qb1 c3 41. Bd3 h3 42. Qc2 Qe1+ 43. Bf1 Bc4 0-1

[Event "44th Chess Olympiad Open 2022"]
[Site "Chennai"]
[Date "2022.08.08"]
[Round "10.11"]
[White "Carlsen, Magnus"]
[Black "Schitco, Ivan"]
[Result "1/2-1/2"]
[WhiteElo "2864"]
[BlackElo "2490"]
[Annotator "TA"]
[PlyCount "90"]
[EventDate "2022.??.??"]
[TimeControl "60"]

1. Nf3 Nf6 2. g3 d5 3. Bg2 e6 4. O-O Be7 5. d3 O-O 6. a4 {[%emt 0:01:38] A07: Réti
Opening: New York and Capablanca Systems.} c5 7. e4 Nc6 8. Bf4 {[%emt 0:01:52] [#]} h6 $146 ({Predecessor:} 8... dxe4 9. dxe4 Qxd1 10. Rxd1 Nxe4 11. Ne5 Nxe5 12. Bxe5
Nd6 13. Na3 Nf5 14. Nc4 f6 {1-0 (55) Niemann,H (2688)-Andreikin,D (2729) Chess.
com INT 2022}) 9. Qe2 b6 10. Re1 (10. Ne5 {is interesting.} Nd4 11. Qd1 dxe4 12. c3) 10... Bb7 11. e5 Nh7 12. h4 Rc8 13. c3 d4 14. c4 Kh8 15. Bc1 Nb4 16. Na3 Qd7 17.
Bd2 Nc6 (17... Qxa4 $2 18. Nb5 Qb3 19. Nfxd4
$1 cxd4 20. Bxb4 (20. Bxb7 Nxd3 21. Nxd4 Qxc4 $16) (20. Nxd4 Qxd3 21. Bxb4 Qxe2
$11) 20... Qxb4 21. Bxb7 $18) 18. Nh2 Rce8 19. Nc2 a5 20. Ng4 ({
Better is} 20. Na3 $11) 20... Bd8 (20... f6 $1 $15) 21. Rf1 Ne7 22. Bxb7 Qxb7 23. Ne1 (23. Na3 {is more complex.} Bc7 24. Nb5 Bb8
25. f4) 23... Nc6 24. Ng2 h5 25. Nh2 Bc7 26. Nf3 Bb8 27. Nf4 g6 28. Kh2 Kg7 {[%emt 0:01:04] The position is equal.} 29.
Rae1 f6 30. exf6+ Nxf6 31. Ng5 ({Stronger than} 31. Nxe6+ {[#]} Rxe6
$1 32. Qxe6 Ng4+ 33. Kg1 (33. Kg2 $2 Nce5 $19) 33... Rxf3 $17) 31... Bxf4 32. Bxf4 e5 33. Bd2 Qd7 34. f3 Nd8 35. b3 Nb7 36. Ne4 Nxe4 37. Qxe4 Nd6 38. Qd5 Rf5 {[%emt 0:00:00][%cal Ye5e4] And now ...
e4! would win.} 39. g4 hxg4 40. fxg4 Rxf1 41. Rxf1 Qxg4 42. Bg5 ({Avoid the trap} 42. Qxd6 $2 Qxh4+ 43. Kg2
Qg4+ 44. Kf2 Rf8+ 45. Ke1 Qg3+ 46. Ke2 Qg2+ 47. Kd1 Rxf1+ $19) 42... Qe2+ 43. Kg1 Qg4+ 44. Kh2 $1 Qe2+ 45. Kg1 Qg4+ {[%emt 0:
00:03] An even fight not without its subleties. Weighted Error Value: White=0.
06 (flawless) /Black=0.05 (flawless)} 1/2-1/2

[Event "44th Chess Olympiad Open 2022"]
[Site "Chennai"]
[Date "2022.08.08"]
[Round "10.11"]
[White "Christiansen, Johan-Sebastian"]
[Black "Hamitevici, Vladimir"]
[Result "0-1"]
[WhiteElo "2593"]
[BlackElo "2473"]
[Annotator "RC"]
[PlyCount "94"]
[EventDate "2022.??.??"]
[TimeControl "60"]

1. e4 c6 2. d4 d5 3. exd5 cxd5 4. Bd3 Nc6 5. c3 e6 6. Nf3 Bd6 7. O-O Nge7 8. Re1 O-O 9. b3 Bd7 10. Nbd2 Qc7 11. Nf1 Nf5 12. Ng3 Nxg3 13. hxg3 Rae8 14. c4 e5 15. c5 e4 16. cxd6 Qxd6 17. Bf4 Qa3 18.
Ng5 exd3 19. Rxe8 Bxe8 20. Qxd3 g6 21. Nf3 f6 22. Qb5 g5 23.
Be3 Qe7 24. Qxd5+ Bf7 25. Qb5 Rd8 26. Re1 Qd7 27. Qc5 Bd5 28.
Nh2 h5 29. f3 Qg7 30. Bf2 f5 31. Nf1 f4 32. Kh1 g4 33. fxg4 Qxg4 34. Nh2 Qg6 35. g4 hxg4 36. Bh4 Rd7 37. Rf1 Qe4 38. Rg1 Rh7 39. Nf3 Qe6 40. Re1 Qf7 41. Ng5 Rxh4+ 42. Kg1 Qd7 43. Ne6 Rh5 44. Qf8+ Kh7 45. Qc5 Qf7 46. Nd8 Qf6 47. Nxc6 Rh1+ 0-1

[Event "44th Chess Olympiad Open 2022"]
[Site "Chennai"]
[Date "2022.08.08"]
[Round "10.11"]
[White "Macovei, Andrei"]
[Black "Hammer, Jon Ludvig"]
[Result "0-1"]
[WhiteElo "2478"]
[BlackElo "2638"]
[Annotator "RC"]
[PlyCount "84"]
[EventDate "2022.??.??"]
[TimeControl "60"]

1. e4 e5 2. Nf3 Nc6 3. Bb5 Nf6 4. O-O Nxe4 5. Re1 Nd6 6.
Nxe5 Be7 7. Bf1 Nf5 8. Nf3 O-O 9. d4 d5 10. Nc3 Bb4 11. a3 Bxc3 12. bxc3 Nd6 13. a4 Na5 14. Bd3 Bf5 15. Re5 Be4 16. Ng5 c6 17. Qh5 Bxd3 18. cxd3 h6 19. Nf3 f6 20. Re3 Nb3 21. Rb1 Nxc1 22. Rxc1 Re8 23. c4 Rxe3 24. fxe3 Qe7 25. e4 dxc4 26. dxc4 Qxe4 27. Re1 Qd3 28. c5 Nf7 29. h4 b6 30. Re7 Qc4 31. Kh2 bxc5 32. Qxc5 Qxa4 33. Rb7 a5 34. d5 Qf4+ 35. Kh1 Ne5 36. Qe7 Qg4 37. d6 Nxf3 38.
gxf3 Qxf3+ 39. Kh2 Qf4+ 40. Kh3 Qf5+ 41. Kg2 Qg6+ 42. Kh1 Re8 0-1

[Event "44th Chess Olympiad Open 2022"]
[Site "Chennai"]
[Date "2022.08.08"]
[Round "10.11"]
[White "Ceres, Dragos"]
[Black "Urkedal, Frode Olav Olsen"]
[Result "1-0"]
[WhiteElo "2378"]
[BlackElo "2555"]
[Annotator "RC"]
[PlyCount "119"]
[EventDate "2022.??.??"]
[TimeControl "60"]

1. e4 e5 2. Nf3 Nc6 3. Nc3 Nf6 4. d4 exd4 5. Nxd4 Bb4 6.
Nxc6 bxc6 7. Bd3 d5 8. exd5 O-O 9. O-O cxd5 10. Bg5 c6 11.
Qf3 Rb8 12. h3 Bd6 13. b3 h6 14. Bxf6 Qxf6 15. Qxf6 gxf6 16. Ne2 Re8 17. Rad1 Be6 18. Ng3 c5 19. Nh5 Be5 20. f4 Bd4+ 21. Kh1 Kh8 22. Rf3 Rb6 23. Bf1 Bc8 24. c3 Be3 25. Rxd5 Bb7 26. Bc4 Bxd5 27. Bxd5 Rd6 28. Bxf7 Rd1+ 29. Kh2 Bg1+ 30. Kg3 Re3 31. Rxe3 Bxe3 32. Bc4 Rd6 33. Kf3 Bd2 34. Ng3 Rd8 35. Ne4 f5 36. Ng3 Rf8 37. Bd3 Bxc3 38. Nxf5 Bg7 39. g4 Re8 40. h4 Bd4 41. h5 Re1 42. Bc4 Bg7 43.
g5 Rh1 44. Kg2 Rd1 45. a4 Rd2+ 46. Kg3 Rd1 47. Ne7 Rg1+ 48. Kh2 Bd4 49. Nf5 Rg4 50. Nxh6 Rxf4 51. Kh3 Kg7 52. Ng4 Bc3 53. Kg3 Rf8 54. Bd3 Be1+ 55. Kg2 Bc3 56. h6+ Kh8 57. g6 Rd8 58. Bc4 Rd1 59. Ne3 Rd2+ 60.
Kf3 1-0

[Event "44th Chess Olympiad Open 2022"]
[Site "Chennai"]
[Date "2022.08.08"]
[Round "10.12"]
[White "Wojtaszek, Radoslaw"]
[Black "Grandelius, Nils"]
[Result "1/2-1/2"]
[WhiteElo "2708"]
[BlackElo "2655"]
[Annotator "TA"]
[PlyCount "37"]
[EventDate "2022.??.??"]
[TimeControl "60"]

1. d4 d5 2. c4 c6 3. Nf3 Nf6 4. Nc3 dxc4 5. a4 Bf5 6. Ne5 Nbd7 7. Nxc4 Qc7 8. g3 e5 9. dxe5 Nxe5 10.
Bf4 Nfd7 11. Qc1 {[%emt 0:00:24] [#]
Threatens to win with Bxe5. The position is equal. D17: Slav Defence: 5 a4 Bf5:
Lines with 6 Nh4 and 6 Ne5.} f6 12. Bg2 Be6 13. Nxe5 fxe5 14. Be3 Nc5 15. Qc2 {[%emt 0:02:47] [#]} Bb3 $5 $146 {
[%emt 0:01:30] An interesting novelty.} ({Predecessor:} 15... Be7 16. O-O Na6
17. Be4 Nb4 18. Qb1 g6 19. a5 Nd5 20. Bh6 a6 21. Nxd5 cxd5 22. Bg2 Bf8 23. Be3
Bg7 24. Rc1 Qd7 25. Bb6 O-O {½-½ (70) Georgiev,K (2663)-Sakaev,K (2625)
Ohrid 2009}) 16. Qf5 Be6 17. Qc2 Bb3 18. Qf5 Be6 19. Qc2
{[%emt 0:28:49] An even fight not without its subleties. Weighted Error Value:
White=0.04 (flawless) /Black=0.00 (flawless)} 1/2-1/2

[Event "44th Chess Olympiad Open 2022"]
[Site "Chennai"]
[Date "2022.08.08"]
[Round "10.12"]
[White "Moranda, Wojciech"]
[Black "Hillarp Persson, Tiger"]
[Result "0-1"]
[WhiteElo "2636"]
[BlackElo "2516"]
[Annotator "RC"]
[PlyCount "114"]
[EventDate "2022.??.??"]
[TimeControl "60"]

1. e4 c5 2. Nf3 d6 3. d4 cxd4 4. Nxd4 Nf6 5. Nc3 a6 6. f3 e5 7. Nb3 Be6 8. Be3 h5 9. Qd2 Nbd7 10. O-O-O Qc7 11. Kb1 Be7 12. f4 Rc8 13. f5 Bc4 14. Bxc4 Qxc4 15. Bg5 b5 16. Na5 Qb4 17. Nb7 Rxc3 18. Rhe1 d5 19. Bxf6 Nxf6 20. Qxc3 Qxc3 21. bxc3 Kd7 22. exd5 Bd6 23. Re3 h4 24. h3 e4 25. Rd4 Rh5 26. Nxd6 Kxd6 27. Rexe4 Nxe4 28. Rxe4 Kxd5 29. Rg4 Rh7 30. Kb2 Ke5 31. a4 Kxf5 32. axb5 axb5 33. Kb3 g5 34. Kb4 Rg7 35. Kxb5 Ke5 36. Rd4 f5 37. Kc4 g4 38. Kd3 gxh3 39. gxh3 Rg3+ 40. Ke2 Rxh3 41. Kf1 f4 42. Rd8 Rh2 43. Rh8 Ke4 44. Kg1 Rxc2 45. Rxh4 Ke3 46. Rh8 Rc1+ 47. Kh2 f3 48. Re8+ Kf2 49. Ra8 Kf1 50. Ra2 f2 51. Kg3 Rxc3+ 52. Kh2 Re3 53. Ra1+ Re1 54. Ra2 Re8 55. Ra1+ Ke2 56. Ra2+ Kf3 57. Ra3+ Re3 0-1

[Event "44th Chess Olympiad Open 2022"]
[Site "Chennai"]
[Date "2022.08.08"]
[Round "10.12"]
[White "Berg, Emanuel"]
[Black "Bartel, Mateusz"]
[Result "0-1"]
[WhiteElo "2533"]
[BlackElo "2597"]
[Annotator "RC"]
[PlyCount "96"]
[EventDate "2022.??.??"]
[TimeControl "60"]

1. e4 e5 2. Nf3 Nc6 3. Nc3 Nf6 4. d4 Bb4 5. d5 Ne7 6. Qd3 O-O 7. Bg5 Bxc3+ 8. Qxc3 Nxe4 9. Qxe5 Nxg5 10. Qxg5 h6 11. Qd2 d6 12. O-O-O a5 13. a4 Bd7 14. b3 Qb8 15. c4 c6 16. dxc6 bxc6 17. Kb2 d5 18.
Re1 Be6 19. c5 d4 20. Rxe6 fxe6 21. Bc4 Qf4 22. Qxf4 Rxf4 23. Re1 Rd8 24. Rxe6 Kf8 25. Kc2 Nd5 26. Kd2 Nb4 27. Ne5 Rxf2+ 28. Ke1 Rxg2 29. Ng6+ Rxg6 30. Rxg6 Re8+ 31. Kf2 d3 32. Re6 Rxe6 33. Bxe6 Na6 34. Bd7 Nxc5 35. Bxc6 Nxb3 36. Bf3 Nc5 37. Bd1 Ke7 38. Ke3 g5 39. Kd4 Kd6 40. h3 d2 41. Ke3 Ke5 42. Kxd2 Kf4 43. Kc3 Kg3 44. Kc4 Nxa4 45. Bxa4 Kxh3 46. Kd3 g4 47. Bd7 h5 48. Ke2 Kh2 0-1

[Event "44th Chess Olympiad Open 2022"]
[Site "Chennai"]
[Date "2022.08.08"]
[Round "10.12"]
[White "Blomqvist, Erik"]
[Black "Piorun, Kacper"]
[Result "0-1"]
[WhiteElo "2521"]
[BlackElo "2636"]
[Annotator "RC"]
[PlyCount "96"]
[EventDate "2022.??.??"]
[TimeControl "60"]

1. e4 e6 2. d4 d5 3. e5 c5 4. c3 Nc6 5. Nf3 Bd7 6. Be2 Nge7 7. O-O Ng6 8.
Be3 Be7 9. Nbd2 O-O 10. Re1 c4 11. Nf1 f6 12. exf6 Rxf6 13.
Qd2 Qb8 14. b3 cxb3 15. axb3 Bd6 16. g3 Qc7 17. h4 Raf8 18.
h5 Nge7 19. Nh4 e5 20. dxe5 Nxe5 21. Nh2 N5c6 22. f4 Qc8 23. N2f3 Bg4 24. Nd4 Nxd4 25. Bxd4 Re6 26. Rxa7 Nc6 27. Raa1 Bxe2 28. Rxe2 Nxd4 29. cxd4 Bb4 30. Qd3 Rxe2 31. Qxe2 Qc3 32. Rf1 Qxg3+ 33. Ng2 Bc3 34. Qe6+ Kh8 35. Qxd5 Qd3 36. Qf3 Bxd4+ 37. Kh2 Qxf3 38. Rxf3 Rf5 39. Rh3 Bf2 40. h6 gxh6 41. Rxh6 Kg7 42. Rh3 Kg6 43. Nh4+ Bxh4 44. Rxh4 Rh5 45. Rxh5 Kxh5 46. Kg3 Kg6 47. Kg4 h5+ 48. Kh4 b5 0-1

[Event "44th Chess Olympiad Open 2022"]
[Site "Chennai"]
[Date "2022.08.08"]
[Round "10.13"]
[White "Karthikeyan, Murali"]
[Black "Druska, Juraj"]
[Result "1/2-1/2"]
[WhiteElo "2613"]
[BlackElo "2519"]
[Annotator "RC"]
[PlyCount "92"]
[EventDate "2022.??.??"]
[TimeControl "60"]

1. e4 c5 2. Nf3 Nc6 3. d4 cxd4 4. Nxd4 g6 5. c4 Nf6 6. Nc3 d6 7. Be2 Nxd4 8. Qxd4 Bg7 9. Be3 O-O 10. Qd2 a5 11. O-O a4 12. f3 Qa5 13.
Rfc1 Be6 14. Rab1 Rfc8 15. b4 axb3 16. axb3 Qb4 17. Kf1 Nd7 18. Qc2 Qxc3 19. Qxc3 Bxc3 20. Rxc3 b5 21. Bd4 bxc4 22. Rbc1 Kf8 23. Bxc4 Bxc4+ 24. Rxc4 Rxc4 25. Rxc4 f6 26. b4 Ne5 27. Bxe5 fxe5 28. Ke2 Ke8 29. Kd3 Kd7 30. Rc2 e6 31. b5 Rb8 32. Rb2 d5 33. Kc3 Rc8+ 34. Kb4 Rc4+ 35. Ka5 Kc7 36. exd5 exd5 37. b6+ Kb7 38. Kb5 Rc6 39. Re2 e4 40. fxe4 dxe4 41. g3 Rxb6+ 42. Kc5 Kc7 43. Rxe4 Rc6+ 44. Kd5 Kd7 45. Ra4 Rc7 46. Ke4 Ke6 1/2-1/2

[Event "44th Chess Olympiad Open 2022"]
[Site "Chennai"]
[Date "2022.08.08"]
[Round "10.13"]
[White "Ganguly, Surya Shekhar"]
[Black "Pechac, Jergus"]
[Result "1/2-1/2"]
[WhiteElo "2608"]
[BlackElo "2594"]
[Annotator "RC"]
[PlyCount "85"]
[EventDate "2022.??.??"]
[TimeControl "60"]

1. e4 e5 2. Nf3 Nc6 3. Bb5 Nge7 4. Nc3 Ng6 5. d4 Nxd4 6.
Nxd4 exd4 7. Qxd4 c6 8. Be2 Qb6 9. Qd3 Be7 10. O-O O-O 11.
a4 d6 12. a5 Qc7 13. f4 Bd7 14. Be3 Rfe8 15. g3 b5 16. Bf3 Rab8 17. Ne2 b4 18. Rfd1 c5 19. e5 Bb5 20. exd6 Bxd6 21. Qxd6 Qxd6 22. Rxd6 Rxe3 23. Kf2 Rbe8 24. Ng1 Ne7 25. Rad1 Re6 26. Rxe6 fxe6 27. c3 bxc3 28. bxc3 a6 29. Be4 Bc4 30. Bd3 Bxd3 31. Rxd3 e5 32. fxe5 Nc6 33. Rd6 Nxe5 34. Rxa6 Ng4+ 35. Kf3 Nxh2+ 36. Kg2 Ng4 37. Rc6 Rf8 38. Rxc5 Ne3+ 39. Kh3 Rf1 40. Kh2 Rf2+ 41. Kh3 Rf1 42. Kh2 Rf2+ 43. Kh3 1/2-1/2

[Event "44th Chess Olympiad Open 2022"]
[Site "Chennai"]
[Date "2022.08.08"]
[Round "10.13"]
[White "Gazik, Viktor"]
[Black "Sethuraman, S.P..."]
[Result "1-0"]
[WhiteElo "2544"]
[BlackElo "2623"]
[Annotator "RC"]
[PlyCount "105"]
[EventDate "2022.??.??"]
[TimeControl "60"]

1. e4 e6 2. d4 d5 3. Nc3 Nf6 4. e5 Nfd7 5. f4 c5 6. Nf3 Nc6 7. Be3 Be7 8. Qd2 a6 9. a3 b5 10. Be2 O-O 11. O-O Qc7 12. dxc5 Nxc5 13. Nd4 Ne4 14. Nxe4 dxe4 15. Qc3 Bd7 16. Nxc6 Qxc6 17. Qxc6 Bxc6 18. Kf2 f6 19. exf6 Bxf6 20. c3 Bd5 21. Rad1 Bb3 22. Rd7 Rfd8 23. Rb7 Rd6 24. g4 h6 25. g5 hxg5 26. fxg5 Be5 27. h4 Bd5 28. Re7 Rdd8 29. Bd4 Bxd4+ 30. cxd4 Rac8 31. Ke3 Rf8 32. g6 Rc2 33. Rxf8+ Kxf8 34. Rf7+ Kg8 35. Rd7 Kf8 36. Rf7+ Kg8 37. Rd7 Kf8 38. b4 Ra2 39. Rf7+ Kg8 40. Rc7 Kf8 41. h5 e5 42. dxe5 Rxa3+ 43. Kd4 Be6 44. Ra7 Ra2 45. Ke3 Ra4 46. Ra8+ Ke7 47. Ra7+ Kf8 48. Ra8+ Ke7 49. h6 gxh6 50. g7 Rxb4 51. Bg4 Rb3+ 52. Kf4 Rf3+ 53. Kxe4 1-0